Map: Acropolis LE

Players

PAREN - Winner!

  • Race: Terran Terran
  • League: Platinum
  • Spawn Location: 11:00

Smeeeger

  • Race: Zerg Zerg
  • League: Platinum
  • Spawn Location: 5:00

VOD

Have the link to the VOD?

Description

Time

  • Played on: July 14, 2019, 11:47 a.m.
  • Length: 17:12
Show
View Real Time Build Order
Export as new Build Order

PAREN Terran - Winner!

Build Orders: Command Center First (CC) 

Get SALT Encoding   

  12  0:02  SCV  
  13  0:14  SCV  
  14  0:17  Supply Depot  
  14  0:26  SCV  
  15  0:39  SCV  
  16  0:51  SCV  
  17  1:03  Command Center, SCV  
  18  1:16  SCV  
  19  1:19  Barracks  
  19  1:23  Refinery  
  19  1:28  SCV  
  19  1:31  Refinery  
  20  1:40  SCV  
  20  1:43  Supply Depot  
  21  1:52  SCV  
  22  2:06  Orbital Command  
  22  2:11  Factory  
  22  2:20  Orbital Command  
  22  2:24  Barracks Tech Lab  
  22  2:32  SCV  
  22  2:35  Supply Depot  
  23  2:44  SCV  
  23  2:47  SCV  
  25  2:56  SCV  
  26  2:59  SCV  
  26  3:02  Siege Tank  
  30  3:08  SCV  
  30  3:11  SCV  
  32  3:20  SCV  
  32  3:23  SCV  
  32  3:25  Command Center  
  34  3:32  SCV  
  35  3:34  Siege Tank  
  35  3:38  SCV  
  39  3:45  Starport, SCV  
  40  3:49  Refinery  
  40  3:50  SCV  
  40  3:51  Refinery  
  41  3:55  Supply Depot  
  41  3:57  SCV  
  41  4:00  Engineering Bay  
  42  4:02  SCV  
  42  4:06  Siege Tank  
  42  4:09  SCV  
  47  4:15  SCV  
  48  4:21  SCV  
  49  4:29  SCV  
  49  4:33  SCV  
  49  4:37  Supply Depot  
  50  4:40  Supply Depot  
  50  4:44  SCV  
  50  4:45  Viking  
  53  4:47  Orbital Command  
  53  4:55  SCV  
  54  5:00  Command Center, Fusion Core  
  54  5:02  Siege Tank  
  57  5:08  Starport  
  57  5:09  SCV  
  57  5:12  Supply Depot  
  58  5:14  SCV  
  58  5:17  SCV  
  58  5:19  Starport Tech Lab  
  60  5:24  SCV  
  60  5:27  SCV  
  62  5:32  SCV  
  63  5:36  SCV  
  63  5:39  SCV  
  63  5:41  Starport  
  65  5:43  Refinery  
  65  5:47  Refinery  
  65  5:51  SCV  
  66  5:59  Battlecruiser  
  66  6:00  Starport Tech Lab, Command Center  
  66  6:03  SCV  
  73  6:11  Orbital Command  
  73  6:13  Refinery  
  73  6:15  SCV  
  73  6:16  SCV  
  75  6:27  SCV  
  75  6:28  Command Center  
  75  6:30  Missile Turret  
  75  6:31  Starport Tech Lab  
  76  6:33  Battlecruiser  
  76  6:36  Missile Turret  
  76  6:39  SCV  
  83  6:40  Refinery  
  83  6:49  SCV  
  83  6:51  SCV  
  85  6:54  Refinery  
  85  6:55  Refinery  
  85  7:01  SCV  
  85  7:02  Missile Turret  
  85  7:03  SCV  
  85  7:05  Battlecruiser  
  93  7:12  Battlecruiser  
  93  7:13  SCV  
  100  7:15  SCV  
  100  7:17  Armory  
  100  7:19  Armory  
  101  7:22  Missile Turret  
  101  7:25  Neosteel Armor  
  101  7:28  SCV  
  102  7:37  Starport  
  102  7:41  Starport  
  100  7:47  Battlecruiser  
  100  7:49  SCV  
  105  8:01  SCV  
  105  8:03  Orbital Command  
  106  8:06  SCV  
  107  8:18  SCV  
  93  8:30  SCV  
  93  8:32  Refinery  
  94  8:34  SCV x3  
  94  8:40  Starport Tech Lab x2, Battlecruiser x2  
  109  8:43  SCV  
  109  8:46  SCV x3  
  113  8:51  Battlecruiser  
  113  8:53  Terran Ship Weapons Level 1, Terran Vehicle And Ship Armor Level 1  
  113  8:55  SCV  
  120  8:59  SCV  
  121  9:07  SCV  
  122  9:12  SCV  
  122  9:16  Command Center  
  123  9:18  Siege Tank  
  123  9:19  SCV  
  123  9:24  SCV  
  128  9:26  Supply Depot  
  128  9:27  Supply Depot  
  128  9:28  Supply Depot x3  
  129  9:31  Weapon Refit, SCV  
  129  9:36  SCV  
  130  9:40  Planetary Fortress  
  130  9:43  SCV  
  131  9:47  Battlecruiser, SCV  
  131  9:48  SCV  
  131  9:49  Battlecruiser x2  
  151  9:53  Battlecruiser  
  151  9:59  SCV  
  158  10:04  Battlecruiser  
  164  10:11  SCV  
  165  10:17  Command Center  
  165  10:23  SCV  
  166  10:29  Planetary Fortress  
  166  10:32  Missile Turret  
  166  10:45  Orbital Command  
  158  11:14  SCV  
  159  11:26  SCV  
  160  11:35  Command Center  
  160  11:38  Planetary Fortress, SCV  
  161  11:41  Command Center  
  161  11:48  Missile Turret  
  161  11:50  Battlecruiser x3  
  161  11:51  Battlecruiser x2  
  172  12:02  SCV  
  173  12:14  SCV  
  173  12:15  Missile Turret  
  174  12:20  SCV  
  161  12:25  Command Center, Refinery  
  161  12:26  SCV  
  161  12:27  SCV  
  161  12:29  Command Center  
  163  12:33  SCV  
  164  12:37  Command Center  
  164  12:39  SCV  
  165  12:45  SCV  
  165  12:50  Command Center  
  166  12:51  SCV  
  166  12:52  Missile Turret  
  166  12:53  Missile Turret  
  166  12:54  SCV  
  166  12:57  SCV  
  169  13:01  Planetary Fortress  
  169  13:03  Refinery  
  169  13:07  Missile Turret, SCV  
  169  13:09  SCV  
  171  13:14  Missile Turret  
  171  13:19  Missile Turret, SCV  
  172  13:20  Terran Ship Weapons Level 2, Terran Vehicle And Ship Armor Level 2  
  172  13:26  Refinery, Missile Turret  
  170  13:38  Missile Turret  
  170  13:39  SCV  
  171  13:46  Missile Turret  
  171  13:47  Missile Turret  
  171  13:51  SCV  
  172  14:03  SCV  
  173  14:15  Planetary Fortress  
  173  14:18  Planetary Fortress x2  
  173  14:21  Missile Turret  
  173  14:23  Missile Turret  
  173  14:24  Hi-Sec Auto Tracking  
  173  14:33  Command Center  
  173  14:36  Command Center x2  
  173  14:39  Starport  
  173  14:41  Battlecruiser x2  
  173  14:42  Starport  
  185  14:53  Command Center  
  185  15:00  Missile Turret  
  185  15:04  Planetary Fortress  
  179  15:44  Command Center  
  179  15:46  Command Center  
  179  15:48  Command Center x2  
  179  15:50  Orbital Command x3  
  179  16:26  Refinery  
  179  16:28  Sensor Tower  
  179  16:30  Refinery  
  179  16:32  Missile Turret  
  179  16:53  Command Center  
  179  16:58  Missile Turret  
Show
View Real Time Build Order
Export as new Build Order

Smeeeger Zerg 

Build Orders: Hatch First 

Get SALT Encoding   

  12  0:01  Drone  
  13  0:15  Overlord  
  13  0:19  Drone  
  14  0:33  Drone x2  
  16  0:52  Drone  
  16  0:54  Hatchery  
  16  1:01  Drone  
  17  1:14  Drone, Spawning Pool  
  17  1:23  Drone  
  17  1:24  Drone  
  19  1:28  Extractor  
  19  1:30  Drone  
  19  1:44  Overlord  
  19  2:01  Queen  
  19  2:03  Zergling x4  
  19  2:05  Queen  
  19  2:06  Zergling x2  
  26  2:22  Drone x2  
  28  2:29  Drone x2  
  30  2:41  Drone x2  
  32  2:46  Drone  
  33  2:54  Hatchery  
  33  2:56  Overlord  
  33  2:58  Drone  
  33  2:59  Queen  
  33  3:02  Drone  
  36  3:14  Metabolic Boost  
  36  3:15  Drone  
  36  3:16  Drone x3  
  36  3:17  Drone  
  36  3:18  Drone  
  42  3:20  Zergling x2  
  42  3:22  Zergling x2  
  44  3:34  Overlord x2  
  44  3:52  Drone, Extractor  
  44  3:53  Drone x5, Roach Warren, Evolution Chamber, Extractor  
  46  4:00  Overlord  
  42  4:30  Drone  
  42  4:31  Drone x2  
  44  4:36  Baneling Nest  
  43  4:41  Drone x2  
  43  4:42  Drone x6  
  43  4:43  Drone  
  53  4:45  Zergling x2  
  53  4:49  Lair  
  53  4:50  Drone x2  
  55  4:55  Queen  
  57  5:04  Spore Crawler x2  
  57  5:05  Drone  
  56  5:07  Drone  
  56  5:09  Drone x2  
  56  5:10  Drone x4  
  63  5:15  Spore Crawler  
  63  5:16  Zergling x6  
  63  5:17  Zergling x2  
  66  5:23  Baneling x2  
  66  5:26  Drone x3  
  69  5:29  Drone x2  
  69  5:30  Overlord, Extractor  
  69  5:34  Zerg Missile Weapons Level 1  
  70  5:39  Drone  
  70  5:40  Drone x2  
  73  5:47  Centrifical Hooks  
  73  5:48  Glial Reconstitution  
  73  5:51  Baneling x2  
  73  5:55  Overlord x3  
  73  5:58  Extractor  
  73  6:00  Roach  
  74  6:11  Spore Crawler  
  74  6:12  Overlord x3  
  74  6:13  Overlord  
  73  6:21  Extractor  
  72  6:28  Drone x3, Evolution Chamber  
  74  6:33  Roach x4  
  74  6:34  Roach x7  
  96  6:40  Hatchery  
  95  6:54  Spore Crawler  
  95  6:56  Spore Crawler  
  95  6:58  Zerg Ground Armor Level 1  
  93  7:12  Drone x2  
  95  7:21  Overlord x2  
  95  7:22  Zergling x2  
  96  7:23  Zergling x20  
  105  7:49  Baneling x6  
  105  8:11  Zergling x2  
  105  8:12  Zergling x28  
  106  8:24  Drone  
  106  8:25  Drone x4  
  105  8:29  Infestation Pit  
  105  8:32  Zerg Missile Weapons Level 2  
  104  8:35  Drone x2  
  104  8:36  Drone x2  
  104  8:38  Baneling x5  
  104  8:39  Baneling x2  
  108  8:52  Pneumatized Carapace  
  108  8:54  Burrow  
  108  8:55  Overlord x2  
  108  8:57  Roach x5  
  108  8:58  Queen  
  108  8:59  Drone  
  108  9:01  Overseer x2  
  121  9:06  Hive  
  121  9:10  Pathogen Glands, Infestor, Spire  
  121  9:11  Infestor x5  
  121  9:16  Baneling x6  
  132  9:18  Roach  
  134  9:35  Zerg Ground Armor Level 2  
  134  9:37  Drone  
  134  9:38  Drone x3  
  138  9:39  Spore Crawler  
  138  9:40  Spore Crawler  
  138  9:41  Drone x4  
  138  9:43  Extractor  
  138  9:44  Extractor  
  138  9:45  Overseer  
  138  9:59  Roach x8  
  168  10:00  Roach x7  
  168  10:05  Overlord x2  
  168  10:06  Overlord x2  
  168  10:14  Baneling x2  
  168  10:15  Baneling x6  
  168  10:16  Baneling x2  
  122  11:01  Corruptor x7  
  122  11:02  Corruptor  
  104  11:13  Zergling x6  
  104  11:14  Zergling x18  
  116  11:19  Corruptor  
  116  11:21  Lair x2  
  116  11:24  Zergling x2  
  119  11:37  Viper  
  119  11:55  Corruptor x3  
  111  12:08  Corruptor  
  111  12:09  Hydralisk Den  
  111  12:10  Corruptor  
  111  12:11  Zergling x2  
  111  12:12  Zergling x30  
  122  12:24  Spore Crawler x2  
  122  12:25  Spore Crawler  
  122  12:26  Spore Crawler  
  114  12:34  Spore Crawler  
  114  12:35  Spore Crawler  
  108  12:37  Spore Crawler x2  
  108  12:38  Spore Crawler x2  
  108  12:39  Spore Crawler x4  
  108  12:40  Spore Crawler x2  
  108  12:41  Hydralisk x8  
  108  12:43  Spore Crawler x2  
  112  12:44  Spore Crawler  
  112  12:46  Spore Crawler  
  112  12:48  Spore Crawler x2  
  108  12:58  Drone x3  
  111  12:59  Drone x3  
  111  13:03  Drone x2  
  116  13:10  Drone x3  
  119  13:17  Zergling x8  
  119  13:18  Zergling x4  
  125  13:23  Overseer  
  121  13:31  Zergling x2  
  121  13:32  Zergling x14  
  117  13:39  Hydralisk x3  
  123  13:46  Zerg Ground Armor Level 3  
  123  13:53  Zerg Missile Weapons Level 3  
  123  13:58  Zergling x2  
  119  14:10  Corruptor x2  
  123  14:17  Spore Crawler, Drone x3  
  123  14:18  Drone x5  
  123  14:19  Spore Crawler x2  
  123  14:20  Spore Crawler x2  
  123  14:21  Spore Crawler  
  123  14:23  Spore Crawler, Hydralisk x4  
  132  14:26  Hydralisk  
  132  14:28  Drone x4  
  132  14:29  Drone x3  
  141  14:38  Infestor x2  
  141  14:52  Hatchery  
  140  15:02  Muscular Augments  
  140  15:05  Drone  
  140  15:06  Drone x3  
  120  15:24  Hydralisk x10  
  120  15:25  Hydralisk x6  
  142  15:34  Hydralisk x3  
  148  15:38  Hydralisk  
  148  15:40  Baneling  
  148  15:41  Baneling x2  
  150  15:46  Hydralisk  
  150  15:47  Hydralisk  
  150  15:48  Hydralisk  
  156  15:51  Hydralisk  
  156  15:54  Hydralisk  
  154  15:57  Hydralisk  
  154  16:03  Hydralisk  
  154  16:04  Hydralisk  
  151  16:05  Hydralisk  
  151  16:08  Hydralisk  
  151  16:11  Hydralisk  
  157  16:18  Hydralisk x2  
  159  16:19  Hydralisk  
  165  16:26  Overlord x3  
  165  16:27  Overseer, Overlord  
  165  16:28  Overseer  
  169  16:53  Zergling x4  
  169  16:54  Zergling x40  
Tags
 
Add a new tag
Caveats
  • Supply blocks, unpowered buildings, or Contaminate may cause inaccurate times.
  • Supply counts are checked every 10 seconds.